 Dungeon Crawl Stone Soup version 0.31-a0-750-gfe7b580527 (webtiles) character file.

Game seed: 11883698568160243367

41 Dittersdorf the Trooper (level 3, -5/33 HPs)
             Began as a Draconian Fighter on Sept 14, 2023.
             Slain by Grinder (7 damage)
             ... on level 2 of the Dungeon.
             The game lasted 00:01:54 (1483 turns).

Dittersdorf the Trooper (Draconian Fighter)         Turns: 1483, Time: 00:01:54

Health: -5/33      AC:  5    Str: 20    XL:     3   Next: 32%
Magic:  3/3        EV: 12    Int:  8    God:
Gold:   72         SH:  5    Dex: 16    Spells: 2/2 levels left

rFire   . . .        a - +0 long sword
rCold   . . .        b - +0 buckler
rNeg    . . .        (body armour unavailable)
rPois   .            (helmet restricted)
rElec   .            (no cloak)
rCorr   .            (no gloves)
SInv    .            (no boots)
Will    .....        (no amulet)
Stlth   +            i - ring of flight
HPRegen 0.25/turn    k - +6 ring of dexterity
MPRegen 0.08/turn

%: no passive effects
@: flying
A: AC +5, unfitting armour, cold-blooded
a: no special abilities


You were on level 2 of the Dungeon.
You visited 1 branch of the dungeon, and saw 3 of its levels.

You collected 72 gold pieces.

Inventory:

Hand Weapons
 a - a +0 long sword (weapon)
Missiles
 j - 2 darts of dispersal
Armour
 b - a +0 buckler (worn)
Jewellery
 i - a ring of flight (left hand)
 k - a +6 ring of dexterity (right hand)
 o - a ring of magical power
Wands
 n - a wand of flame (19) (quivered)
Scrolls
 d - a scroll of brand weapon {unknown}
 e - 2 scrolls of revelation {unknown}
 f - 2 scrolls of vulnerability {unknown}
 h - 2 scrolls of identify {unknown}
 l - a scroll of amnesia {unknown}
 m - a scroll of enchant weapon {unknown}
Potions
 c - 2 potions of might
 g - a potion of cancellation {unknown}


   Skills:
 + Level 3.8 Fighting
 + Level 2.5 Long Blades
 + Level 3.0 Dodging
 + Level 3.3 Shields


You had 2 spell levels left.
You didn't know any spells.
Your spell library contained the following spells:

 Spells                   Type           Power      Damage    Failure   Level
 Blink                    Tloc           0%         N/A       63%         2
 Lesser Beckoning         Tloc           0%         N/A       63%         2
 Momentum Strike          Conj/Tloc      0%         3d8       63%         2


Dungeon Overview and Level Annotations

Branches:
Dungeon (3/15)

Altars:
Kikubaaqudgha

Annotations:
D:2 Grinder


Innate Abilities, Weirdness & Mutations

Your plain brown scales are hard. (AC +5)
You cannot fit into any form of body armour.
You are cold-blooded and may be slowed by cold attacks.


Message History

You hit the endoplasm.
The endoplasm is lightly wounded.
The endoplasm misses you.
You barely miss the endoplasm.
The endoplasm is lightly wounded.
The endoplasm hits you.
You completely miss the endoplasm.
The endoplasm is lightly wounded.
Grinder blinks!
The endoplasm barely misses you.
You slash the endoplasm!
You kill the endoplasm!
Unknown command.
Aiming: Throw Flame
Press: ? - help, Q - select action, (/) - cycle Shift-Dir - straight line, f - Grinder
Aim: Grinder (64% to hit)
The puff of flame misses Grinder.
You closely miss Grinder. Grinder hits you.
You barely miss Grinder. Grinder hits you but does no damage.
You hit Grinder.
Your tail-slap misses Grinder.
Grinder is lightly wounded.
Grinder closely misses you. x2
You hit Grinder.
Grinder is lightly wounded.
Grinder closely misses you.
You hit Grinder. You tail-slap Grinder.
Grinder is moderately wounded.
Grinder gestures at you. You resist with significant effort.
You closely miss Grinder.
Grinder is moderately wounded.
Grinder hits you!
You writhe in agony.
* * * LOW HITPOINT WARNING * * *
Grinder hits you.
* * * LOW HITPOINT WARNING * * *
You barely miss Grinder.
Grinder is moderately wounded.
Grinder says, "Wait up."
Grinder hits you!
You die...
Grinder says, "Now the real fun starts!"

###.♣.♣ #.#....)..........# #
#...#####.#.#####.#####...#
###.......#.............###.#
.÷..#.###.####.####.###.# #.#
#####.....[.<.......# #.#
#.## #.##÷.<#.#.###..#
#.###..##
#.#..#.#.......####.##.P..#
#.#.##.###.#5........P♣P..#
#.#........#@#..###.PPPPP.#
#.#..#.#####.#..# #..♣♣♣♣P#
#.####.# #.#..# #..♣♣PP.#
#......# #.#..# #)#....##
######## #.#..# #.....##
#.#..###.##### #........#
##########


You could see Grinder.

Vanquished Creatures
  A worm (D:2)
  A ball python (D:2)
  7 bats
  3 endoplasms (D:2)
  3 giant cockroaches
  3 goblins
  3 hobgoblins
  3 kobolds
  2 quokkas (D:1)
  A frilled lizard (D:2)
  7 rats
34 creatures vanquished.

Notes
Turn   | Place    | Note
-------+----------+-------------------------------------------
     0 | D:1      | Dittersdorf the Draconian Fighter began the quest for the
                  | Orb.
     0 | D:1      | Reached XP level 1. HP: 19/19 MP: 1/1
   299 | D:1      | Reached XP level 2. HP: 26/26 MP: 2/2
  1073 | D:2      | Reached XP level 3. HP: 33/33 MP: 3/3
  1188 | D:2      | Found an ancient bone altar of Kikubaaqudgha.
  1464 | D:3      | Noticed Grinder
  1483 | D:2      | Slain by Grinder

Illustrated notes

Levels and vault maps discovered:
D:1:      evilmike_arrival_rings, layout_loops_ring,
          minmay_misc_feat_more_columns, kennysheep_pointless_box,
          wad_floor_pattern_2
D:2:      layout_basic, basic_altar, serial_forest, infiniplex_forest_clump_C,
          infiniplex_forest_end_1, infiniplex_forest_lined_room_,
          infiniplex_forest_lined_corner, infiniplex_forest_zigzag_1,
          infiniplex_forest_lined_2, infiniplex_forest_clump_small,
          infiniplex_forest_lined_ring
D:3:      layout_basic, bloody_makhleb, basic_ecumenical_altar, uniq_grinder

Skill      XL: |  1  2 |
---------------+-------+-----
Dodging        | 3 |  3.0
Fighting       | |  3.8
Long Blades    | |  2.5
Shields        | |  3.3

Action                     || total
---------------------------++-------
  Melee: Long sword        ||    88
         Tailslap          ||     6
  Evoke: Wand              ||     1
 Armour: Skin              ||    53
  Dodge: Dodged            ||    47
  Block: Buckler           ||    13

Table legend: (Time is in decaauts)
 A = Elapsed time spent in this place.
 B = Non-inter-level travel time spent in this place.
 C = Inter-level travel time spent in this place.
 D = Time resting spent in this place.
 E = Time spent auto-exploring this place.
 F = Levels seen in this place.
 G = Mean time per level.
                   A        B        C        D        E       F      G
               +--------+--------+--------+--------+--------+-----+--------+
         Total |   1511 |   1440 |     71 |      0 |   1170 |   3 |  503.7 |
       Dungeon |   1511 |   1440 |     71 |      0 |   1170 |   3 |  503.7 |
               +--------+--------+--------+--------+--------+-----+--------+

Top non-repeatable levels by time:
     D:1: 820 daAuts
     D:2: 687 daAuts
     D:3: 3 daAuts
